AoeStats
← De_Witt

Arabia

508306956Analyzed
1v1 RM · 10d ago on Sep 21, 2026· 41m 13s· 2 players
Game mode
Random Map
Map size
Tiny (2 player)
Population
200
Speed
Normal
Resources
Standard
Victory
Conquest
Starting age
Dark Age
Ending age
Imperial Age
RankedLock teamsTeams togetherTeam positionsShared explorationLock speedFull tech treeHidden civsTurbo modeCheats
Victory
Defeat
🇨🇴 Cumans · Colombia
1230
+15
🇦🇷 Berbers · Argentina
1210
-15
De_Witt
6:57 Loom
9:12 Feudal Age
14:48 Horse Collar
19:11 Castle Age
18:49 Forging
19:26 Gold Mining
19:26 Double-Bit Axe
20:57 Iron Casting
22:31 Bloodlines
24:32 Scale Barding Armor
25:35 Wheelbarrow
25:38 Bow Saw
26:05 Husbandry
27:31 Chain Barding Armor
27:41 Fletching
29:11 Gold Shaft Mining
29:44 Bodkin Arrow
29:53 Heavy Plow
31:21 Ballistics
39:52 Imperial Age
40:34 Bracer
Wimac
6:08 Loom
8:34 Feudal Age
10:05 Double-Bit Axe
16:35 Town Watch
21:48 Castle Age
20:30 Scale Barding Armor
21:08 Bloodlines
22:07 Pikeman
29:14 Wheelbarrow
28:45 Capped Ram
30:27 Scale Mail Armor
30:37 Forging
33:39 Chain Barding Armor
36:32 Imperial Age
34:18 Hand Cart
35:39 Iron Casting
37:50 Plate Barding Armor
36:39 Cavalier
39:00 Blast Furnace
38:19 Paladin
39:51 Bow Saw
39:22 Horse Collar
39:32 Gold Mining
Connection lost

Rejoining the realm…

Still unreachable

The connection could not be restored.

Session expired

The server has moved on; the page needs a fresh start.